 Dungeon Crawl Stone Soup version 0.21.1-1-g345015f (webtiles) character file.

1340 zishaf the Shield-Bearer (level 8, -3/65 HPs)
             Began as a Formicid Fighter on May 9, 2018.
             Slain by MemeProof's ghost (7 damage)
             ... on level 6 of the Dungeon.
             The game lasted 00:16:24 (5083 turns).

zishaf the Shield-Bearer (Formicid Fighter)         Turns: 5083, Time: 00:16:25

Health: -3/65      AC: 12    Str: 23    XL:     8   Next: 93%
Magic:  8/8        EV:  7    Int:  8    God:
Gold:   162        SH: 11    Dex: 12    Spells: 7/7 levels left

rFire    . . .     SeeInvis +   a - +0 flail
rCold    + . .     Gourm    .   c - +0 shield
rNeg     . . .     Faith    .   h - +0 chain mail
rPois    .         Spirit   .   (helmet unavailable)
rElec    .         Reflect  .   (no cloak)
rCorr    .         Harm     .   l - +1 pair of gloves
MR       .....                  (no boots)
Stlth    ..........             w - amulet of regeneration
HPRegen  0.60/turn              g - ring of loudness (curse)
MPRegen  0.11/turn              (no ring)

@: no status effects
A: permanent stasis, dig shafts and tunnels, four strong arms, antennae 3, agile
1, cold resistance 1
a: Dig, Shaft Self


You were on level 6 of the Dungeon.
You were hungry.

You visited 1 branch of the dungeon, and saw 6 of its levels.
You also visited: Sewer.

You collected 270 gold pieces.
You spent 108 gold pieces at shops.

Inventory:

Hand Weapons
 a - a +0 flail (weapon)
 s - a -1 spear
 v - a +1 whip of freezing
Armour
 c - a +0 shield (worn)
 h - a +0 chain mail (worn)
 l - a +1 pair of gloves (worn)
Jewellery
 g - a cursed ring of loudness (left hand)
 w - an amulet of regeneration (around neck)
Wands
 p - a wand of random effects (26)
 q - a wand of flame (17)
Scrolls
 e - a scroll of fear {unknown}
 j - 6 scrolls of identify
 n - 3 scrolls of remove curse
 o - a scroll of fog
 r - a scroll of magic mapping
 y - 3 scrolls of random uselessness {unknown}
Potions
 b - a potion of agility
 d - 3 potions of might
 i - a potion of cancellation
 k - a potion of brilliance
 m - 3 potions of curing
 t - 3 potions of heal wounds
 x - a potion of magic
Books
 z - a book of Minor Magic

   Spells                             Type                      Level
   a - Magic Dart                     Conjuration                  1
   b - Blink                          Translocation                2
   c - Call Imp                       Summoning                    2
   d - Slow                           Hexes                        2
   e - Conjure Flame                  Conjuration/Fire             3
   f - Mephitic Cloud                 Conjuration/Poison/Air       3
Comestibles
 f - 7 rations


   Skills:
 + Level 6.6 Fighting
 - Level 5.0 Maces & Flails
 + Level 6.6 Armour
 + Level 7.3 Shields


You had 7 spell levels left.
You didn't know any spells.

Dungeon Overview and Level Annotations

Branches:
Dungeon (6/15)
 Temple: D:4-7

Altars:
Dithmenos
Elyvilon
Fedhas
Nemelex Xobeh
Sif Muna
Wu Jian
Yredelemnul
Zin

Shops:
D:5 !

Annotations:
D:6 MemeProof's ghost, novice MiFi


Innate Abilities, Weirdness & Mutations

You cannot be hasted, slowed, berserked, paralysed or teleported.
You can dig through walls and to a lower floor.
Your four strong arms can wield two-handed weapons with a shield.
You have a pair of large antennae on your head. (SInv)
You are agile. (Dex +2)
Your flesh is cold resistant. (rC+)


Message History

You block MemeProof's ghost's attack.
You thump MemeProof's ghost!
MemeProof's ghost is almost destroyed.
You block MemeProof's ghost's attack.
You hit MemeProof's ghost but do no damage.
MemeProof's ghost is almost destroyed.
You block MemeProof's ghost's attack. MemeProof's ghost hits you!
* * * LOW HITPOINT WARNING * * *
You hit MemeProof's ghost.
MemeProof's ghost is almost destroyed.
MemeProof's ghost hits you.
* * * LOW HITPOINT WARNING * * *
You hit MemeProof's ghost but do no damage.
MemeProof's ghost is almost destroyed.
MemeProof's ghost hits you!
* * * LOW HITPOINT WARNING * * *
You barely miss MemeProof's ghost.
MemeProof's ghost is almost destroyed.
MemeProof's ghost hits you!
You die...

#.# #.# #.#
#.# #.# #.#
#.#
##.#######.#
#.....W@...#
..##########


You could see MemeProof's ghost.

Vanquished Creatures
  Pikel (D:4)
  3 slaves (D:4)
  A phantom (D:4)
  A centaur (D:5)
  A scorpion (D:4)
  2 howler monkeys
  2 hounds (D:4)
  A bullfrog skeleton (D:5)
  An iguana (D:4)
  Jessica (D:2)
  6 worker ants
  2 hound skeletons
  2 worker ant zombies
  12 adders
  3 river rats (Sewer)
  2 shadow imps
  2 oozes
  An adder skeleton (D:2)
  3 worms
  3 dart slugs
  3 leopard geckos
  6 bats
  3 giant cockroaches
  5 goblins
  2 hobgoblins
  14 jackals
  2 quokkas
  5 ball pythons
  9 frilled lizards
  8 kobolds
  20 rats
127 creatures vanquished.

Notes
Turn   | Place    | Note
-------+----------+-------------------------------------------
     0 | D:1      | zishaf the Formicid Fighter began the quest for the Orb.
     0 | D:1      | Reached XP level 1. HP: 18/18 MP: 1/1
    75 | D:1      | Reached XP level 2. HP: 15/24 MP: 2/2
   365 | D:1      | Reached XP level 3. HP: 25/29 MP: 3/3
   881 | D:2      | Found a sparkling altar of Nemelex Xobeh.
   881 | D:2      | Found a basalt altar of Yredelemnul.
   913 | D:2      | Reached XP level 4. HP: 35/35 MP: 4/4
  1086 | D:2      | Noticed Jessica
  1101 | D:2      | Killed Jessica
  1101 | D:2      | Reached XP level 5. HP: 41/41 MP: 5/5
  1348 | D:2      | Reached skill level 5 in Maces & Flails
  1475 | D:2      | Gained mutation: Your flesh is cold resistant. (rC+) [potion of mutation]
  1475 | D:2      | Gained mutation: You are agile. (Dex +2) [potion of mutation]
  1799 | D:3      | Found a glowing silver altar of Zin.
  1813 | D:3      | Found an ornate altar of the Wu Jian Council.
  2205 | D:3      | Reached skill level 4 in Shields
  2209 | D:3      | Reached XP level 6. HP: 32/48 MP: 6/6
  2331 | D:3      | Found a white marble altar of Elyvilon.
  2331 | D:3      | Found a blossoming altar of Fedhas.
  2514 | D:3      | Found a deep blue altar of Sif Muna.
  2748 | D:4      | Found a glowing drain.
  2760 | Sewer    | Entered a sewer
  3481 | D:4      | Noticed a slave
  3481 | D:4      | Noticed a slave
  3486 | D:4      | Noticed a slave
  3490 | D:4      | Reached XP level 7. HP: 54/55 MP: 7/7
  3503 | D:4      | Noticed Pikel
  3583 | D:4      | Killed Pikel
  3583 | D:4      | Reached skill level 5 in Fighting
  3583 | D:4      | Reached skill level 5 in Armour
  3583 | D:4      | Reached skill level 6 in Shields
  3583 | D:4      | Reached XP level 8. HP: 17/63 MP: 8/8
  4415 | D:5      | Entered Level 5 of the Dungeon
  4637 | D:5      | Found Sopetsic's Distillery.
  4663 | D:5      | Reached skill level 7 in Shields
  4701 | D:5      | Bought a potion of agility for 48 gold pieces
  4701 | D:5      | Bought a potion of heal wounds for 60 gold pieces
  4767 | D:5      | Found a shadowy altar of Dithmenos.
  5054 | D:6      | Noticed MemeProof's ghost (novice MiFi)
  5083 | D:6      | Slain by MemeProof's ghost

Skill      XL: |  1  2  3  4  5  6  7  8 |
---------------+-------------------------+-----
Maces & Flails | 3 4 5 |  5.0
Shields        | 4 6 7 |  7.3
Armour         | 4 5 6 |  6.6
Fighting       | 4 5 6 |  6.6

Action                   |  1- 3 |  4- 6 |  7- 9 || total
-------------------------+-------+-------+-------++-------
Melee: Flail             |   123 |   230 |   115 ||   468
       Spear             |       |     2 |       ||     2
       Whip              |       |       |   164 ||   164
Evoke: Wand              |       |       |     5 ||     5
  Use: Scroll            |       |     8 |     5 ||    13
       Potion            |       |     3 |     1 ||     4
  Eat: Chunk             |       |     9 |     5 ||    14
Armor: Scale mail        |    65 |    96 |    44 ||   205
       Chain mail        |       |       |    27 ||    27
Dodge: Dodged            |    54 |    67 |    59 ||   180
Block: Shield            |    87 |   108 |   139 ||   334
